asdbjksdb, neutral female scurrid Tourist -------------- |...@........| |....a.......| |............| -------------- asdbjksdb the Rambler Experience level: 1 Strength: 12 Dexterity: 13 Constitution: 14 Intelligence: 13 Wisdom: 7 Charisma: 16 Health: 0(12) Energy: 2(2) Def: 0 Gold: 150 Moves: 102 Dungeon seed: tUP8-H_KNPyRaaWA Game ID: asdbjksdb_1528522295 Your Inventory: Coins $ - 150 gold pieces Weapons a - 51 uncursed +2 darts (in quiver) Armor e - an uncursed +0 Hawaiian shirt (being worn) Comestibles b - 2 uncursed eggs c - an uncursed tin of lichen d - an uncursed orange f - 2 uncursed cram rations g - an uncursed cream pie h - 2 uncursed fortune cookies i - 2 uncursed food rations j - 2 uncursed pancakes Scrolls l - 4 uncursed scrolls of magic mapping Potions k - an uncursed potion of extra healing Wands o - an uncursed wand of secret door detection (0:14) Tools m - an uncursed expensive camera (0:32) n - an uncursed credit card p - an uncursed oil lamp (0:1174) Spells and supernatural/magical abilities: Name Level Category Fail Memory W - pray for help -- divine ? -- Your skills at the end: Miscellaneous Skills wands [Basic] Weapon Skills dart [Basic] Spellcasting Skills Final Attributes: You were devoutly aligned. Your writing paw was a little cramped from use. You had infravision. You were very stealthy. You are dead. Voluntary challenges: You went without food. You did not adorn yourself with jewelry or accessories. You did not cause conflict. You were not invisible. You did not have reflection. You were not displaced. You were an atheist. You never hit with a wielded weapon. You were a pacifist. You did not use containers. You did not apply a unicorn horn. You did not use plumbed fixtures. You read items or engraved 2 times, starting on turn 35. You never genocided any monsters. You never polymorphed an object. You never changed form. You used no wishes. You never split a pudding. You wrote Elbereth's name 2 times, starting on turn 35. You never violated your personal moral code. Dungeon overview: The Dungeons of Doom: levels 1 to 14 Level 1 a long staircase Level 2 Level 3 Level 4 a fountain Level 5 Level 6 Level 7 Level 8 Level 9 a scroll shop Level 10 a fountain Level 11 Level 12 Level 13 Level 14 <- You were here History has recorded: On T:1 you entered the Dungeons of Doom to retrieve the Amulet of Yendor! On T:7 you reached level 2 of The Dungeons of Doom. On T:14 you reached level 3 of The Dungeons of Doom. On T:20 you reached level 4 of The Dungeons of Doom. On T:27 you reached level 5 of The Dungeons of Doom. On T:34 you reached level 6 of The Dungeons of Doom. On T:43 you reached level 7 of The Dungeons of Doom. On T:51 you reached level 8 of The Dungeons of Doom. On T:64 you reached level 9 of The Dungeons of Doom. On T:70 you reached level 10 of The Dungeons of Doom. On T:76 you reached level 11 of The Dungeons of Doom. On T:85 you reached level 12 of The Dungeons of Doom. On T:91 you reached level 13 of The Dungeons of Doom. On T:98 you reached level 14 of The Dungeons of Doom. Score breakdown: Gold: 0 ( 0 points) Experience: 1 level ( 0 points) Exploration: 14 levels ( 390 points) Discoveries: 0 items ( 0 points) Variety of kills: 0 monsters ( 0 points) Major goal: (nothing yet) ( 0 points) Survival: died (score multiplied by 3) Total score: 1170 Latest messages: Look for a ...ic transporter. You couldn't quite make out that last message. The cave spider is blinded by the flash! The cave spider turns to flee! You have no weapon equipped. You start digging downward. You continue digging downward. You dig a pit in the floor. You continue digging downward. (6x) You dig a hole through the floor. You fall through... The wolf bites! (2x) You write in the dust with your fingers. The wolf turns to flee! (3x) You start digging downward. You continue digging downward. You dig a pit in the floor. You continue digging downward. (2x) The fire ant bites! You die... Final status: Aloha asdbjksdb the Tourist, killed by a fire ant... You died in The Dungeons of Doom on dungeon level 14 with 1170 points, and 150 pieces of gold, after 102 moves. You were level 1 with a maximum of 12 hit points when you died.